 Dungeon Crawl Stone Soup version 0.31.0 (webtiles) character file.

Game seed: 1143330161611864416

4663 qw the Skirmisher (level 10, -3/70 HPs)
             Began as a Gargoyle Hunter on Jan 19, 2024.
             Was a Believer of Okawaru.
             Killed by divine providence
             ... invoked by Jeremiah
              (11 damage)
             ... on level 9 of the Dungeon.
             The game lasted 00:00:47 (7149 turns).

qw the Skirmisher (Gargoyle Hunter)                 Turns: 7149, Time: 00:00:47

Health: -3/70      AC: 19    Str: 18    XL:     10   Next: 43%
Magic:  14/14      EV: 13    Int:  9    God:    Okawaru [**....]
Gold:   317        SH:  0    Dex: 17    Spells: 9/9 levels left

rFire   . . .        a - +0 shortbow (freeze)
rCold   + . .        (shield currently unavailable)
rNeg    + . .        f - +4 leather armour of Birdsong {Str+2}
rPois   inf          (no helmet)
rElec   +            m - +1 cloak
rCorr   .            l - +2 pair of gloves
SInv    .            (no boots)
Will    .....        (no amulet)
Stlth   ++           b - ring of protection from cold
HPRegen 0.31/turn    (no ring)
MPRegen 0.14/turn

%: no passive effects
@: no status effects
A: sickness immunity, AC +7, negative energy resistance 1, electricity
resistance, torment resistance 1, petrification resistance, high MP 1, robust 1
a: Renounce Religion, Heroism


You were on level 9 of the Dungeon.
You worshipped Okawaru.
Okawaru was pleased with you.
You visited 2 branches of the dungeon, and saw 10 of its levels.

You collected 317 gold pieces.


Innate Abilities, Weirdness & Mutations

You are immune to sickness and miasma.
Your stone body is resilient. (AC +7)
You are immune to poison.
You resist negative energy. (rN+)
You are resistant to electric shocks. (rElec)
You are resistant to unholy torment.
You are immune to petrification.
You have an increased reservoir of magic. (+10% MP)
You are robust. (+10% HP)


   Skills:
 - Level 8.1 Fighting
 + Level 12.0 Ranged Weapons
 - Level 2.0 Armour
 - Level 4.0 Dodging
 - Level 1.1 Stealth
 - Level 4.8 Invocations


You had 9 spell levels left.
You didn't know any spells.
Your spell library was empty.

Inventory:

Hand Weapons
 a - a +0 shortbow of freezing (weapon)
Armour
 f - the +4 leather armour of Birdsong (worn) {Str+2}
   (You found it on level 3 of the Dungeon)

   Str+2:     It affects your strength (+2).
 l - a +2 pair of gloves (worn)
 m - a +1 cloak (worn)
Jewellery
 b - a ring of protection from cold (left hand)
Wands
 c - a wand of polymorph (4)
 g - a wand of digging (4)
Scrolls
 j - 4 scrolls of teleportation
Potions
 e - 4 potions of enlightenment
 i - 3 potions of mutation
 k - a potion of haste

Dungeon Overview and Level Annotations

Branches:
Dungeon (9/15)             Temple (1/1) D:7
   Lair: D:8-11         Orc: D:9-12

Altars:
Ashenzari
Cheibriados
Dithmenos
Elyvilon
Fedhas
Gozag
Hepliaklqana
Kikubaaqudgha
Makhleb
Nemelex Xobeh
Okawaru
Qazlal
Ru
Trog
Uskayaw
Vehumet
Wu Jian
Xom
Yredelemnul
Zin
The Shining One

Shops:
D:7 :

Annotations:
D:8 1 runed translucent door, kavron's ghost, novice TrFi
D:9 Jeremiah


Message History

You shoot an arrow. The arrow closely misses the gnoll.
The butterfly disappears in a burst of colours! x2
The gnoll hits you but does no damage. Jeremiah hits you but does no damage.
The gnoll hits you but does no damage.
You shoot an arrow.
The arrow hits the gnoll but does no damage.
The gnoll is moderately wounded.
The butterfly disappears in a burst of colours!
Jeremiah hits you from afar with a +3 trident of draining!
The gnoll misses you. x2
You shoot an arrow. The arrow closely misses the gnoll.
Jeremiah hops!
The gnoll closely misses you.
You shoot an arrow. The arrow hits the gnoll!
The arrow freezes the gnoll.
You kill the gnoll!
Okawaru accepts your kill.
The butterfly disappears in a burst of colours!
You shoot an arrow. The arrow hits the gnoll.
The arrow freezes the gnoll.
The gnoll is moderately wounded.
The butterfly disappears in a burst of colours! x2
The gnoll misses you.
Jeremiah lets out a twisted cry.
Something smites you!
You shoot an arrow. The arrow hits the gnoll!
The arrow freezes the gnoll.
You kill the gnoll!
Okawaru accepts your kill.
The butterfly disappears in a burst of colours!
The butterfly disappears in a burst of colours!
The butterfly disappears in a burst of colours!
The butterfly disappears in a burst of colours! x2
Jeremiah mumbles a slurred invocation.
Something smites you!
The butterfly disappears in a burst of colours!
The butterfly disappears in a burst of colours!
The butterfly disappears in a burst of colours!
You feel like a meek peon again.
The butterfly disappears in a burst of colours! x2
Jeremiah throws their arms up pleadingly.
Something smites you!
You die...
Jeremiah wails, "I didn't mean to kill anyone!
I'm not a murderer!"

#.####### ##.# #
7g. #.# #.# #hh$.
##.### #.# h7..
#....# #+# # ..g
##.#.# #.7.. ###)#
... ##..#
.#####)#####.))####
...)...)@b.b..)...+
.########b.bbb.b.##
#..b.b...#
#....bFb.#
##.#.bbb.#
#b####### #.# #.#
..#


You could see Jeremiah.

Vanquished Creatures
  Erica (D:8)
  Maurice (D:7)
  Maggie (D:7)
  A kobold demonologist (D:9)
  Grinder (D:3)
  Menkaure (D:6)
  A water moccasin (D:6)
  3 ice beasts
  2 sky beasts
  2 ogres
  2 kobold brigands (D:9)
  2 bullfrogs
  2 gnoll sergeants
  5 wights (D:6)
  4 killer bees (D:8)
  3 bombardier beetles
  12 howler monkeys
  3 hounds
  An orc priest (D:8)
  2 jellies
  2 gnoll boudas (D:6)
  Jessica (D:2)
  2 iguanas
  2 orc wizards
  19 gnolls
  11 adders
  A shadow imp (D:7)
  3 ribbon worms
  2 dart slugs
  17 orcs
  6 endoplasms
  6 giant cockroaches
  6 goblins
  7 hobgoblins
  8 kobolds
  7 quokkas
  2 ball pythons
  2 bats
  3 frilled lizards
  5 rats
162 creatures vanquished.

Notes
Turn   | Place    | Note
-------+----------+-------------------------------------------
     0 | D:1      | qw the Gargoyle Hunter began the quest for the Orb.
     0 | D:1      | Reached XP level 1. HP: 12/12 MP: 1/1
     0 | D:1      | 0 ||| qw: Version: 0.3-a-132-g3d54051
     0 | D:1      | 0 ||| qw: Game counter: 14
     0 | D:1      | 0 ||| qw: Melee chars always use a shield: true
     0 | D:1      | 0 ||| qw: God list: Okawaru
     0 | D:1      | 0 ||| qw: Allow faded altars: false
     0 | D:1      | 0 ||| qw: Do Orc after clearing Dungeon:15 true
     0 | D:1      | 0 ||| qw: Do second Lair branch before Depths: true
     0 | D:1      | 0 ||| qw: Lair rune preference: random
     0 | D:1      | 0 ||| qw: Goals: Normal
     0 | D:1      | 0 ||| PLANNING D:1-11
    94 | D:1      | Reached XP level 2. HP: 16/17 MP: 2/2
   417 | D:1      | 417 ||| READING scroll labelled VINNEI BEMUUD.
   417 | D:1      | 417 ||| BRANDING +0 shortbow.
   418 | D:1      | 418 ||| READING scroll labelled ITEROTS TEDWI.
   419 | D:1      | 419 ||| READING scroll labelled QUUBLEYTEP.
   423 | D:1      | 423 ||| READING scroll labelled UBIK GUEMI.
   424 | D:1      | 424 ||| READING scroll labelled AHUDWUH PONUGG.
   424 | D:1      | 424 ||| ENCHANTING +0 shortbow of freezing.
   425 | D:1      | 425 ||| READING scroll labelled QAURRO LUOHIDD.
   426 | D:1      | 426 ||| DROPPING scroll of butterflies.
   534 | D:2      | Reached skill level 5 in Ranged Weapons
   534 | D:2      | Reached XP level 3. HP: 20/21 MP: 3/3
   586 | D:2      | Reached skill level 3 in Fighting
   592 | D:2      | 592 ||| FLEEEEING.
   593 | D:2      | 593 ||| FLEEEEING.
   770 | D:2      | Noticed Jessica
   775 | D:2      | Killed Jessica
   776 | D:2      | Reached XP level 4. HP: 26/28 MP: 4/4
  1186 | D:2      | 1186 ||| UPGRADING to ring of protection from cold.
  1187 | D:2      | 1187 ||| READING scroll labelled FEL RAYCUP.
  1188 | D:2      | 1188 ||| READING scroll labelled NIRUBBARUA.
  1188 | D:2      | 1188 ||| IDENTIFYING lumpy golden potion
  1189 | D:2      | 1189 ||| READING scroll labelled KYEWA NECIXOSS.
  1269 | D:3      | Noticed Grinder
  1309 | D:3      | Paralysed by Grinder for 4 turns
  1327 | D:3      | Killed Grinder
  1328 | D:3      | Reached skill level 7 in Ranged Weapons
  1328 | D:3      | Reached XP level 5. HP: 13/32 MP: 5/5
  1328 | D:3      | Reached XP level 6. HP: 15/37 MP: 6/6
  1328 | D:3      | 1328 ||| FLEEEEING.
  1425 | D:3      | Found a faded altar of an unknown god.
  1426 | D:3      | Identified the +4 leather armour of Birdsong {Str+2}
  1709 | D:3      | Found a shimmering altar of Xom.
  2133 | D:3      | 2133 ||| UPGRADING to +4 leather armour of Birdsong
                  | {Str+2}.
  2143 | D:3      | 2143 ||| DROPPING +0 leather armour.
  2144 | D:3      | 2144 ||| DRINKING 2 blue potions.
  2252 | D:4      | 2252 ||| FLEEEEING.
  2340 | D:4      | Reached XP level 7. HP: 43/43 MP: 7/7
  2421 | D:4      | 2421 ||| FLEEEEING.
  2422 | D:4      | 2422 ||| FLEEEEING.
  2423 | D:4      | 2423 ||| FLEEEEING.
  2424 | D:4      | 2424 ||| FLEEEEING.
  2425 | D:4      | 2425 ||| FLEEEEING.
  2426 | D:4      | 2426 ||| FLEEEEING.
  2427 | D:4      | 2427 ||| FLEEEEING.
  2428 | D:4      | 2428 ||| FLEEEEING.
  2429 | D:4      | 2429 ||| FLEEEEING.
  2434 | D:4      | 2434 ||| FLEEEEING.
  2435 | D:4      | 2435 ||| FLEEEEING.
  2436 | D:4      | 2436 ||| FLEEEEING.
  2437 | D:4      | 2437 ||| FLEEEEING.
  2460 | D:4      | 2460 ||| FLEEEEING.
  2471 | D:4      | 2471 ||| FLEEEEING.
  2482 | D:4      | 2482 ||| FLEEEEING.
  2516 | D:4      | 2516 ||| Invisibility monster not found???
  2826 | D:4      | 2826 ||| DROPPING amulet of magic regeneration.
  2827 | D:4      | 2827 ||| READING scroll of identify.
  2827 | D:4      | 2827 ||| IDENTIFYING orange potion
  2828 | D:4      | 2828 ||| READING scroll labelled OTSIHI EROPO.
  2829 | D:4      | 2829 ||| DRINKING 2 black potions.
  2830 | D:4      | 2830 ||| DRINKING 4 fuming clear potions.
  2830 | D:4      | Gained mutation: You do not regenerate when monsters are
                  | visible. [potion of mutation]
  2831 | D:4      | 2831 ||| DRINKING 3 potions of mutation.
  2831 | D:4      | Lost mutation: You do not regenerate when monsters are
                  | visible. [potion of mutation]
  2831 | D:4      | Gained mutation: You have an increased reservoir of magic.
                  | (+10% MP) [potion of mutation]
  2831 | D:4      | Gained mutation: You are robust. (+10% HP) [potion of
                  | mutation]
  2845 | D:4      | 2845 ||| DROPPING potion of attraction.
  2868 | D:5      | Entered Level 5 of the Dungeon
  3231 | D:5      | Reached skill level 8 in Ranged Weapons
  3418 | D:5      | Reached skill level 1 in Armour
  3489 | D:5      | 3489 ||| UPGRADING to +0 pair of gloves.
  3494 | D:5      | 3494 ||| READING 2 scrolls of enchant armour.
  3494 | D:5      | 3494 ||| ENCHANTING +0 pair of gloves.
  3495 | D:5      | 3495 ||| READING scroll of enchant armour.
  3495 | D:5      | 3495 ||| ENCHANTING +1 pair of gloves.
  3496 | D:5      | 3496 ||| DROPPING ring of magical power.
  3497 | D:5      | 3497 ||| READING 3 scrolls of identify.
  3497 | D:5      | 3497 ||| IDENTIFYING silvery potion
  3498 | D:5      | 3498 ||| READING 2 scrolls of identify.
  3498 | D:5      | 3498 ||| IDENTIFYING scroll labelled PUNULY GASOUCU
  3499 | D:5      | 3499 ||| READING scroll of identify.
  3499 | D:5      | 3499 ||| IDENTIFYING scroll labelled WOUMYPPAEF
  3500 | D:5      | 3500 ||| DROPPING potion of degeneration.
  3501 | D:5      | 3501 ||| DROPPING scroll of torment.
  3502 | D:5      | 3502 ||| DROPPING scroll of poison.
  3537 | D:6      | Reached XP level 8. HP: 55/55 MP: 8/8
  3564 | D:6      | Noticed Menkaure
  3574 | D:6      | Killed Menkaure
  3876 | D:6      | Reached skill level 9 in Ranged Weapons
  3954 | D:6      | Reached skill level 6 in Fighting
  4328 | D:6      | 4328 ||| RETREEEEATING.
  4330 | D:6      | Reached skill level 10 in Ranged Weapons
  4344 | D:6      | Reached XP level 9. HP: 31/61 MP: 9/9
  4352 | D:6      | 4352 ||| FLEEEEING.
  4532 | D:6      | Found a blossoming altar of Fedhas.
  4541 | D:6      | Found a bloodstained altar of Trog.
  4637 | D:7      | Reached skill level 3 in Dodging
  4652 | D:7      | Found a staircase to the Ecumenical Temple.
  4653 | D:7      | 4653 ||| PLANNING TEMPLE
  4653 | D:7      | 4653 ||| DRINKING 2 yellow potions.
  4664 | D:7      | 4664 ||| DROPPING potion of brilliance.
  4668 | D:7      | Noticed Maurice
  4674 | D:7      | 4674 ||| DRINKING 3 potions of curing.
  4674 | D:7      | 4674 ||| (to cure confusion)
  4683 | Temple   | Entered the Ecumenical Temple
  4684 | Temple   | 4684 ||| PLANNING OKAWARU WORSHIP
  4755 | Temple   | Became a worshipper of Warmaster Okawaru
  4756 | Temple   | 4756 ||| PLANNING D:1-11
  4864 | D:7      | 4864 ||| DRINKING 2 potions of curing.
  4864 | D:7      | 4864 ||| (to cure confusion)
  4868 | D:7      | 4868 ||| DRINKING potion of curing.
  4868 | D:7      | 4868 ||| (to cure confusion)
  4878 | D:7      | Something stole 141 gold
  4879 | D:7      | Something stole 115 gold
  4883 | D:7      | 4883 ||| FLEEEEING.
  4892 | D:7      | Noticed Maggie
  4900 | D:7      | HP: 15/62 [Maggie/+0 scimitar (12)]
  4901 | D:7      | 4901 ||| READING 4 scrolls of teleportation.
  4902 | D:7      | 4902 ||| DRINKING potion of heal wounds.
  4973 | D:7      | 4973 ||| FLEEEEING.
  4988 | D:7      | Killed Maggie
  5218 | D:7      | Found a glowing golden altar of the Shining One.
  5253 | D:7      | Reached * piety under Okawaru
  5268 | D:7      | Found Yqog's Book Boutique.
  5281 | D:7      | 5281 ||| FLEEEEING.
  5297 | D:7      | Found a radiant altar of Vehumet.
  5358 | D:7      | Reached skill level 1 in Invocations
  5392 | D:7      | 5392 ||| INVOKING Heroism.
  5396 | D:7      | Reached skill level 11 in Ranged Weapons
  5401 | D:7      | Killed Maurice
  5754 | D:7      | 5754 ||| UPGRADING to +0 cloak.
  5759 | D:7      | 5759 ||| READING scroll of enchant armour.
  5759 | D:7      | 5759 ||| ENCHANTING +0 cloak.
  5760 | D:7      | 5760 ||| READING scroll of identify.
  5760 | D:7      | 5760 ||| IDENTIFYING smoky coppery potion
  5761 | D:7      | 5761 ||| READING scroll labelled XOIMNE ADODE.
  5928 | D:8      | 5928 ||| FLEEEEING.
  5929 | D:8      | 5929 ||| FLEEEEING.
  5934 | D:8      | 5934 ||| FLEEEEING.
  5935 | D:8      | 5935 ||| FLEEEEING.
  5936 | D:8      | 5936 ||| FLEEEEING.
  5937 | D:8      | 5937 ||| FLEEEEING.
  5938 | D:8      | 5938 ||| FLEEEEING.
  5939 | D:8      | 5939 ||| FLEEEEING.
  5940 | D:8      | 5940 ||| FLEEEEING.
  5941 | D:8      | 5941 ||| FLEEEEING.
  5942 | D:8      | 5942 ||| FLEEEEING.
  5948 | D:8      | 5948 ||| FLEEEEING.
  5949 | D:8      | 5949 ||| FLEEEEING.
  5950 | D:8      | 5950 ||| FLEEEEING.
  5951 | D:8      | 5951 ||| FLEEEEING.
  5952 | D:8      | 5952 ||| FLEEEEING.
  5954 | D:8      | 5954 ||| FLEEEEING.
  5955 | D:8      | 5955 ||| FLEEEEING.
  5956 | D:8      | 5956 ||| FLEEEEING.
  5968 | D:8      | 5968 ||| FLEEEEING.
  5969 | D:8      | 5969 ||| FLEEEEING.
  5970 | D:8      | 5970 ||| FLEEEEING.
  5971 | D:8      | 5971 ||| FLEEEEING.
  5972 | D:8      | 5972 ||| FLEEEEING.
  5973 | D:8      | 5973 ||| FLEEEEING.
  5974 | D:8      | 5974 ||| FLEEEEING.
  5975 | D:8      | 5975 ||| FLEEEEING.
  5981 | D:8      | 5981 ||| STAIRDANCE
  6011 | D:8      | 6011 ||| STAIRDANCE
  6013 | D:7      | 6013 ||| FLEEEEING.
  6048 | D:8      | 6048 ||| RETREEEEATING.
  6051 | D:8      | 6051 ||| RETREEEEATING.
  6052 | D:8      | 6052 ||| RETREEEEATING.
  6053 | D:8      | 6053 ||| RETREEEEATING.
  6054 | D:8      | 6054 ||| RETREEEEATING.
  6055 | D:8      | 6055 ||| RETREEEEATING.
  6056 | D:8      | 6056 ||| RETREEEEATING.
  6057 | D:8      | 6057 ||| RETREEEEATING.
  6066 | D:8      | 6066 ||| INVOKING Heroism.
  6068 | D:8      | 6068 ||| RETREEEEATING.
  6069 | D:8      | 6069 ||| RETREEEEATING.
  6083 | D:8      | 6083 ||| INVOKING Heroism.
  6116 | D:8      | Reached skill level 3 in Invocations
  6387 | D:8      | Reached XP level 10. HP: 50/70 MP: 13/13
  6390 | D:8      | 6390 ||| FLEEEEING.
  6429 | D:8      | 6429 ||| FLEEEEING.
  6479 | D:8      | Found a runed translucent door.
  6480 | D:8      | Noticed kavron's ghost (novice TrFi)
  6480 | D:8      | Identified the +1 spear "Oryzamof" {heavy, Str+6}
  6494 | D:8      | Noticed Erica
  6495 | D:8      | 6495 ||| INVOKING Heroism.
  6506 | D:8      | Killed Erica
  6713 | D:8      | Reached ** piety under Okawaru
  6980 | D:9      | Reached skill level 12 in Ranged Weapons
  6992 | D:9      | Noticed a kobold demonologist
  6995 | D:9      | Noticed a sixfirhy
  6995 | D:9      | 6995 ||| INVOKING Heroism.
  7013 | D:9      | Noticed a smoke demon
  7017 | D:9      | Killed a kobold demonologist
  7018 | D:9      | 7018 ||| Stepping ~*~*~tactically~*~*~ (cloud).
  7109 | D:9      | Noticed Jeremiah
  7110 | D:9      | 7110 ||| RETREEEEATING.
  7114 | D:9      | 7114 ||| INVOKING Heroism.
  7127 | D:9      | 7127 ||| RETREEEEATING.
  7128 | D:9      | 7128 ||| RETREEEEATING.
  7145 | D:9      | HP: 6/70 [Jeremiah/divine providence (13)]
  7149 | D:9      | Killed from afar by Jeremiah

Levels and vault maps discovered:
D:1:      minmay_arrival_diagonal_passages, layout_rooms, hex_tiny
D:2:      minmay_alternating_diamond, layout_basic, serial_park_tiny_1,
          hangedman_decor_lopped, minmay_pentomino_x2, uniq_jessica
D:3:      layout_basic, mainiacjoe_overflow_alcove_2, basic_ecumenical_altar,
          uniq_grinder
D:4:      layout_loops_ring
D:5:      layout_basic
D:6:      layout_loops_corners, mainiacjoe_overflow_swirl, uniq_menkaure
D:7:      layout_basic, mainiacjoe_overflow_surrounded_room,
          nicolae_overflow_hidden_temple, minmay_temple_entry_mini_moons,
          serial_shops, nicolae_shop_just_a_little_nook, uniq_maurice,
          uniq_maggie
D:8:      layout_loops_cross, ebering_ghost_funeral_grove,
          dreamdust_mushroom_princess, uniq_erica
D:9:      minmay_the_grid_triangle_9x9_recursive_2
          [minmay_the_grid_triangle_9x9_prize_center,
          minmay_the_grid_triangle_9x9_minimal,
          minmay_the_grid_triangle_9x9_corrupted_corridor,
          minmay_the_grid_triangle_9x9_subtriangle], layout_loops_corners,
          dpeg_oklobed_lair, orc_0_dummy, grunt_ministairs_3, feat_on_display,
          uniq_jeremiah, uniq_prince_ribbit1
Temple:   minmay_temple_bridge_d

Skill      XL: |  1  2  3  4  5  6  7  8  9 10 |
---------------+-------------------------------+-----
Ranged Weapons | 5 7 8 10 11 12 | 12.0
Fighting       | 3 4 5 6 8 |  8.1
Dodging        | 2 3 4 |  4.0
Armour         | 1 2 |  2.0
Invocations    | 3 4 |  4.8
Stealth        | |  1.1

Action                     |  1- 3 |  4- 6 |  7- 9 | 10-12 || total
---------------------------+-------+-------+-------+-------++-------
   Fire: Shortbow          |    82 |   124 |   469 |   111 ||   786
 Invoke: Heroism           |       |       |     3 |     3 ||     6
    Use: Scroll            |     6 |     3 |    11 |       ||    20
         Potion            |       |     1 |     8 |       ||     9
 Armour: Leather armour    |    12 |    14 |   176 |    36 ||   238
  Dodge: Dodged            |     9 |    11 |   165 |    30 ||   215

Table legend:
 A = Non-vault XP
 B = Vault XP
 C = Vault XP percentage of total XP
 D = Non-vault monster count
 E = Vault monster count
 F = Vault count percentage of total count
                 A         B        C        D         E       F
            +---------+---------+-------+---------+---------+-------
      Total |    4200 |    2462 |  37.0 |     146 |      16 |   9.9
            +---------+---------+-------+---------+---------+-------
        D:1 |      22 |       0 |   0.0 |      15 |       0 |   0.0
        D:2 |      46 |      59 |  56.2 |      12 |       5 |  29.4
        D:3 |      69 |     290 |  80.8 |      23 |       1 |   4.2
        D:4 |     256 |       0 |   0.0 |      19 |       0 |   0.0
        D:5 |     385 |       0 |   0.0 |       7 |       0 |   0.0
        D:6 |    1140 |     165 |  12.6 |      26 |       1 |   3.7
        D:7 |     668 |     903 |  57.5 |      15 |       2 |  11.8
        D:8 |    1037 |     842 |  44.8 |      22 |       1 |   4.3
        D:9 |     577 |     203 |  26.0 |       7 |       6 |  46.2
            +---------+---------+-------+---------+---------+-------
